 Dungeon Crawl Stone Soup version 0.20.1-1-g8b1a95d (console) character file.

517 Kloppie the Skirmisher (level 7, -2/66 HPs)
             Began as a Minotaur Fighter on July 13, 2017.
             Was an Initiate of Makhleb.
             Succumbed to kobold's curare-tipped needle
             ... on level 4 of the Dungeon.
             The game lasted 00:04:37 (3610 turns).

Kloppie the Skirmisher (Minotaur Fighter)           Turns: 3610, Time: 00:04:37

Health: -2/66      AC: 10    Str: 22    XL:     7   Next: 0%
Magic:  6/6        EV:  7    Int:  5    God:    Makhleb [......]
Gold:   52         SH:  3    Dex: 10    Spells: 6/6 levels left

rFire    . . .     SeeInvis .   a - +3 flail
rCold    . . .     Gourm    .   (no shield)
rNeg     . . .     Faith    .   t - +0 chain mail
rPois    .         Spirit   .   (helmet restricted)
rElec    .         Reflect  +   w - +0 cloak
rCorr    +         Harm     .   (no gloves)
MR       .....                  (no boots)
Stlth    ..........             x - +3 amulet of reflection
Regen    0.3/turn               (no ring)
MPRegen  0.1/turn               g - ring of resist corrosion

@: lethally poisoned (-2 -> -49), slowed, very slow
A: retaliatory headbutt, horns 2
a: Renounce Religion


You were on level 4 of the Dungeon.
You worshipped Makhleb.
Makhleb was noncommittal.
You were not hungry.

You visited 2 branches of the dungeon, and saw 5 of its levels.

You collected 52 gold pieces.

Inventory:

Hand Weapons
 a - a +3 flail (weapon)
 y - a +0 hunting sling
Armour
 c - a +0 shield
 t - a +0 chain mail (worn)
 w - a +0 cloak (worn)
Jewellery
 e - an uncursed ring of fire
 g - a ring of resist corrosion (right hand)
 x - a +3 amulet of reflection (around neck)
Scrolls
 i - 8 scrolls of remove curse
 j - a scroll of fear
Potions
 k - a potion of lignification
 l - a potion of flight
 p - 2 potions of curing
 s - a potion of haste
 u - 2 potions of degeneration {unknown}
 z - 2 potions of heal wounds {unknown}
Comestibles
 b - a chunk of flesh
 f - 3 bread rations
 h - a fruit
 n - 2 meat rations


   Skills:
 + Level 7.2 Fighting
 + Level 6.7 Maces & Flails
 - Level 3.6 Armour
 - Level 3.6 Shields


You had 6 spell levels left.
You didn't know any spells.

Dungeon Overview and Level Annotations

Branches:
Dungeon (4/15)             Temple (1/1) D:4

Altars:
Ashenzari
Hepliaklqana
Kikubaaqudgha
Makhleb
Nemelex Xobeh
Okawaru
Ru
Trog
Uskayaw
Vehumet
Xom
Yredelemnul
Zin
The Shining One


Innate Abilities, Weirdness & Mutations

You reflexively headbutt those who attack you in melee.
You have a pair of horns on your head.


Message History

The kobold hits you but does no damage.
The kobold unwields an uncursed blowgun.
The kobold wields an uncursed dagger.
The kobold hits you but does no damage. The kobold barely misses you.
You furiously retaliate!
You headbutt the kobold.
Found 21 sling bullets.
You barely miss the kobold.
The kobold is moderately wounded.
* * * LOW HITPOINT WARNING * * *
You feel extremely sick. The kobold closely misses you.
You block the kobold's attack.
You thump the kobold!
You kill the kobold!
Makhleb accepts your kill.
* * * LOW HITPOINT WARNING * * *
You feel extremely sick. The kobold closely misses you.
The kobold hits you with an uncursed dagger.
* * * LOW HITPOINT WARNING * * *
You closely miss the kobold.
You die...

##.##.# ##.##.# ...##.#
#####.# ******* #.#
*######***,,,,,, #.#
###*#......**+,,,,,,
*#.########.##.......*,*,,,,,,
*,..........(K......(*,*,,,,,,
**.#######(.)@.......*,*,,,,,,
****,,,**
##.').....#+*,*,,,,,,
,,*,,,,,*
###.##.....#,*,*,,,,,,
,,,,,,,**
#...#*#....#,*,*,,,,,,
*,***,** #.###
*#####*,**,,,,,, ,,* *,* #.#
###**** ********** *** *,* #.#
#..,*,* ###### **+** #.#
#.#**,* #....# **,,,** #.# #.#
*,* ####.#


You could see a kobold.

Vanquished Creatures
  Edmund (D:4)
  A phantom (D:4)
  A scorpion (D:4)
  The ghost of tape the Vexing, a weakling DsEn (D:3)
  A worker ant zombie (D:4)
  6 adders
  8 gnolls (D:2)
  An ooze (D:2)
  A worm (D:2)
  2 dart slugs (D:2)
  An orc (D:3)
  5 giant cockroaches
  8 goblins
  8 hobgoblins
  3 jackals (D:2)
  2 quokkas
  A ball python (D:2)
  4 bats
  3 frilled lizards
  9 kobolds
  4 rats
71 creatures vanquished.

Vanquished Creatures (others)
  7 toadstools (D:4)
7 creatures vanquished.

Grand Total: 78 creatures vanquished

Notes
Turn   | Place    | Note
-------+----------+-------------------------------------------
     0 | D:1      | Kloppie the Minotaur Fighter began the quest for the Orb.
     0 | D:1      | Reached XP level 1. HP: 19/19 MP: 0/0
   502 | D:1      | Reached skill level 4 in Fighting
   546 | D:1      | Reached XP level 2. HP: 27/27 MP: 1/1
   770 | D:2      | Reached XP level 3. HP: 28/34 MP: 2/2
  1109 | D:2      | Reached XP level 4. HP: 40/41 MP: 3/3
  1282 | D:2      | Reached skill level 5 in Fighting
  1576 | D:2      | Reached XP level 5. HP: 41/48 MP: 4/4
  1689 | D:2      | Reached skill level 5 in Maces & Flails
  2168 | D:3      | Noticed tape's ghost (weakling DsEn)
  2177 | D:3      | Killed tape's ghost
  2364 | D:3      | Found an ancient bone altar of Kikubaaqudgha.
  2365 | D:3      | Found a shimmering altar of Xom.
  2422 | D:3      | Reached skill level 6 in Fighting
  2696 | D:4      | Found a staircase to the Ecumenical Temple.
  2706 | D:4      | Noticed Edmund
  2734 | D:4      | Killed Edmund
  2734 | D:4      | Reached XP level 6. HP: 18/58 MP: 5/5
  2953 | Temple   | Entered the Ecumenical Temple
  3341 | Temple   | Became a worshipper of Makhleb the Destroyer
  3417 | D:4      | Reached skill level 7 in Fighting
  3604 | D:4      | Reached XP level 7. HP: 65/66 MP: 6/6
  3610 | D:4      | Succumbed to kobold's curare-tipped needle

Skill      XL: |  1  2  3  4  5  6 |
---------------+-------------------+-----
Fighting       | 4 5 6 7 |  7.2
Maces & Flails | 3 4 6 |  6.7
Armour         | |  3.6
Shields        | |  3.6

Action                   |  1- 3 |  4- 6 |  7- 9 || total
-------------------------+-------+-------+-------++-------
Melee: Flail             |    57 |   127 |     5 ||   189
       Headbutt          |    11 |    19 |       ||    30
  Use: Potion            |       |     1 |       ||     1
       Scroll            |       |    14 |       ||    14
  Eat: Chunk             |     1 |     6 |       ||     7
       Royal jelly       |       |     1 |       ||     1
Armor: Scale mail        |    29 |       |       ||    29
       Chain mail        |       |    75 |     4 ||    79
Dodge: Dodged            |    31 |    41 |     4 ||    76
Block: Other             |       |     3 |     2 ||     5
